 Dungeon Crawl Stone Soup version 0.31-a0-1165-g196b491b36 (webtiles) character file.

Game seed: 15072975425934118115

88 sauken the Ruffian (level 4, 37/37 HPs)
             Began as a Draconian Shapeshifter on Dec 9, 2023.
             Quit the game on level 2 of the Dungeon.
             The game lasted 00:06:47 (1402 turns).

sauken the Ruffian (Draconian Shapeshifter)         Turns: 1402, Time: 00:06:47

Health: 37/37      AC:  5    Str: 16    XL:     4   Next: 29%
Magic:  4/4        EV: 12    Int: 10    God:
Gold:   137        SH:  0    Dex: 13    Spells: 3/3 levels left

rFire   . .          .
                       - Unarmed
rCold   . . .        (no shield)
rNeg    . . .        (body armour unavailable)
rPois   .            (helmet currently unavailable)
rElec   .            (cloak currently unavailable)
rCorr   .            (gloves currently unavailable)
SInv    .            (boots currently unavailable)
Will    .....        (no amulet)
Stlth   +            g - ring of wizardry
HPRegen 0.26/turn    (no ring)
MPRegen 0.09/turn

%: wizardry (x1)
@: beast-form
A: beast (slay +2), AC +5, unfitting armour, cold-blooded
a: Begin Untransformation


You were on level 2 of the Dungeon.
You were a hulking beast.
You visited 1 branch of the dungeon, and saw 2 of its levels.

You collected 137 gold pieces.


Innate Abilities, Weirdness & Mutations

You are a hulking beast.
Your limbs bulge with bestial killing power. (Slay +2)
Your plain brown scales are hard. (AC +5)
You cannot fit into any form of body armour.
You are cold-blooded and may be slowed by cold attacks.


   Skills:
 + Level 2.8 Fighting
 - Level 1.7 Dodging
 + Level 3.8 Unarmed Combat
 + Level 3.7 Shapeshifting


You had 3 spell levels left.
You didn't know any spells.
Your spell library contained the following spells:

 Spells                   Type           Power      Damage    Failure   Level
 Volatile Blastmotes      Fire/Tloc      0%         2d10      41%         3
 Fulminant Prism          Conj/Hex       0%         3d5       80%         4
 Iskenderun's Mystic Bla  Conj/Tloc      0%         2d3       80%         4

Inventory:

Hand Weapons
 f - a +0 war axe {axe}
   (You found it on level 1 of the Dungeon)
Missiles
 h - 16 stones {throwing}
 i - 4 javelins {throwing}
Armour
 o - the orb of Context {mayhem, Str+3 Int+5}
   (You found it on level 2 of the Dungeon)

   Str+3:     It affects your strength (+3).
   Int+5:     It affects your intelligence (+5).
Jewellery
 g - a ring of wizardry (left hand)
   (You found it on level 1 of the Dungeon)
Talismans
 b - a beast talisman (active)
 c - a flux talisman
Scrolls
 j - 2 scrolls of identify {unknown}
 l - a scroll of poison {unknown}
 m - a scroll of teleportation {unknown}
Potions
 a - a potion of lignification {!q}
 d - 2 potions of enlightenment {unknown}
 e - a potion of magic {unknown}
 k - 3 potions of might {unknown}
 n - a potion of curing {unknown}

Dungeon Overview and Level Annotations

Branches:
Dungeon (2/15) Zot: 10601

Altars:

....##............###.#.####
.....>.>..........#........#
......>...........#........#
....##..[.........#........#
....##...#...............<.#
.....#...#.###..###........##♣♣♣
...........# ##.# #........#.P.♣.
...........# #.###).........PP.♣
..#......<.####.h............P♣♣♣
####............###........#.P♣
#...........#########...##♣♣
#..............# #...#
#...........##.######...#
#...........##..........#
#....)..<.###############
#.........# #.........#


There were no monsters in sight!


Message History

You hit the worm. You tail-slap the worm. You hit the worm.
The worm bites you but does no damage.
You hit the worm.
Your tail-slap misses the worm. 😕 HP[+1]
You barely miss the worm. You tail-slap the worm. The worm bites you. 😕 HP[-2]
You take 2 damage, and now have 29/37 hp.
Your library has no spells.
Unknown command.
You hit the worm.
You kill the worm!
No target in view!
k - 3 coppery potions (gained 1)
A kobold and a ball python come into view.
The ball python hisses angrily.
The kobold shouts!
The kobold moves out of view. 😎 HP[+8]
Your hp is fully restored (37).
A ball python is nearby!
A worm comes into view.
You hit the ball python. The ball python closely misses you. x2
A goblin comes into view. It is wielding a +0 club.
The goblin shouts!
You punch the ball python!
You kill the ball python!
An endoplasm comes into view.
The endoplasm quivers.
The kobold hits you but does no damage.
You hit the kobold.
You kill the kobold!
Things that are here:
a +0 club {mace}; a kobold corpse You barely miss the worm.
The worm bites you. 😕 HP[-4]
You take 4 damage, and now have 33/37 hp.
You punch the worm! The worm closely misses you. 😕 HP[+1]
You hit the worm but do no damage. You hit the worm.
You tail-slap the worm, but do no damage.
The worm closely misses you.
You punch the worm!
You kill the worm!
You hit the goblin.
You kill the goblin! 😕 HP[+1]
You hit the endoplasm. The endoplasm closely misses you.
You hit the endoplasm.
You kill the endoplasm!
No target in view!
No target in view!
No target in view!
No target in view!
No target in view!
No target in view!
No target in view!
No target in view!
No target in view!
No target in view!
No target in view!
No target in view!
No target in view!
You now have 108 gold pieces (gained 10).
Things that are here:
a +0 club {mace}; a goblin corpse; a worm corpse You now have 114 gold pieces (gained 6).
Things that are here:
a +0 club {mace}; a goblin corpse; a worm corpse
Things that are here:
a +0 club {mace}; a kobold corpse
Found a stone staircase leading down. 😎 HP[+2]
Your hp is fully restored (37).
There is a stone staircase leading down here.
h - 16 stones {throwing} (gained 7)
You pick up a book of Blasting and begin reading...
You add the spells Volatile Blastmotes, Fulminant Prism and Iskenderun's Mystic Blast to your library.
You now have 123 gold pieces (gained 9).
You now have 137 gold pieces (gained 14).
Key pressed, stopping explore.
No target in view!
Partly explored, can't reach some places. 🤖 Initializing magus.rc ...
Options error: Delay interrupt name "hungry" not recognised. (~/.crawlrc:4568) Bad monster_list_colour key: strict_neutral Bad channel name 'pray' for runrest: 'pray:' Options error: Missing colour in message_colour setting: 'that.*feels deathly cold' Options error: Missing colour in message_colour setting: 'and you must be Full or above to equip it' Options error: Missing colour in message_colour setting: 'but rights himself reflexively soon after' Options error: Missing colour in message_colour setting: 'before it is too late' ✅ Successfully initialized magus.rc [v1.9.6] Welcome back, sauken the Draconian Shapeshifter.
Press ? for a list of commands and other information.
Are you sure you want to abandon this character and quit the game? (Confirm with "yes".)
Okay, then.
Are you sure you want to abandon this character and quit the game? (Confirm with "yes".)
Okay, then.
Are you sure you want to abandon this character and quit the game? (Confirm with "yes".)
Okay, then.
Are you sure you want to abandon this character and quit the game? (Confirm with "yes".)

Skill      XL: |  1  2 |
---------------+-------+-----
Fighting       | 2 |  2.8
Dodging        | |  1.7
Unarmed Combat | |  3.8
Shapeshifting  | |  3.7

Action                     |  1- 3 |  4- 6 || total
---------------------------+-------+-------++-------
  Melee: Unarmed           |    68 |    22 ||    90
         Tailslap          |     6 |     4 ||    10
         Punch             |     1 |       ||     1
 Armour: Skin              |    35 |    10 ||    45
  Dodge: Dodged            |    24 |    13 ||    37
   Form: Beast             |     2 |       ||     2
         Flux              |     1 |       ||     1

Levels and vault maps discovered:
D:1:      minmay_arrival_four_loops, layout_basic,
          hellmonk_ecumenical_altar_slurped_away
D:2:      layout_rooms, uniq_crazy_yiuf_cottage, uniq_jessica

Notes
Turn   | Place    | Note
-------+----------+-------------------------------------------
     0 | D:1      | sauken the Draconian Shapeshifter began the quest for the
                  | Orb.
     0 | D:1      | Reached XP level 1. HP: 16/16 MP: 1/1
     0 | D:1      | magus.rc [v1.9.6]
   256 | D:1      | Reached XP level 2. HP: 19/23 MP: 2/2
   531 | D:1      | Found a faded altar of an unknown god.
   538 | D:1      | Reached skill level 2 in Fighting
   840 | D:2      | Reached XP level 3. HP: 24/29 MP: 3/3
   888 | D:2      | Noticed Jessica
   905 | D:1      | Killed Jessica
  1023 | D:2      | Reached XP level 4. HP: 35/37 MP: 4/4
  1100 | D:2      | Identified the orb of Context {mayhem, Str+3 Int+5}
  1287 | D:2      | You pick up a book of Blasting and begin reading...
  1287 | D:2      | You add the spells Volatile Blastmotes, Fulminant Prism and
                  | Iskenderun's Mystic Blast to your library.
  1390 | D:2      | magus.rc [v1.9.6]
  1402 | D:2      | Quit the game

Vanquished Creatures
  Jessica (D:1)
  2 adders (D:2)
  2 worms (D:2)
  A dart slug (D:1)
  4 ball pythons
  A bat (D:2)
  6 endoplasms
  A giant cockroach (D:1)
  4 goblins
  2 hobgoblins
  4 kobolds
  3 quokkas (D:1)
  A frilled lizard (D:2)
  5 rats
37 creatures vanquished.

Table legend:
 A = Non-vault XP
 B = Vault XP
 C = Vault XP percentage of total XP
 D = Non-vault monster count
 E = Vault monster count
 F = Vault count percentage of total count
                 A         B        C        D         E       F
            +---------+---------+-------+---------+---------+-------
      Total |      87 |      39 |  31.0 |      35 |       2 |   5.4
            +---------+---------+-------+---------+---------+-------
        D:1 |      33 |      39 |  54.2 |      18 |       2 |  10.0
        D:2 |      54 |       0 |   0.0 |      17 |       0 |   0.0
            +---------+---------+-------+---------+---------+-------

Skill      XL: |  1  2 |
---------------+-------+-----
Fighting       | 2 |  2.8
Dodging        | |  1.7
Unarmed Combat | |  3.8
Shapeshifting  | |  3.7

Action                     |  1- 3 |  4- 6 || total
---------------------------+-------+-------++-------
  Melee: Unarmed           |    68 |    22 ||    90
         Tailslap          |     6 |     4 ||    10
         Punch             |     1 |       ||     1
 Armour: Skin              |    35 |    10 ||    45
  Dodge: Dodged            |    24 |    13 ||    37
   Form: Beast             |     2 |       ||     2
         Flux              |     1 |       ||     1

Illustrated notes

Table legend:
 A = Kills in this place as a percentage of kills in the entire game.
 B = Kills by you in this place as a percentage of kills by you in the entire game.
 C = Kills by friends in this place as a percentage of kills by friends in the entire game.
 D = Other kills in this place as a percentage of other kills in the entire game.
 E = Experience gained in this place as a percentage of experience gained in the entire game.
 F = Experience gained in this place divided by the number of levels of this place that you have seen.
                   A       B       C       D       E      F
               +-------+-------+-------+-------+-------+----------------------
         Total | 100.0 | 100.0 |   N/A |   N/A | 100.0 |  63.0
       Dungeon | 100.0 | 100.0 |   N/A |   N/A | 100.0 |  63.0
               +-------+-------+-------+-------+-------+----------------------

Table legend: (Time is in decaauts)
 A = Elapsed time spent in this place.
 B = Non-inter-level travel time spent in this place.
 C = Inter-level travel time spent in this place.
 D = Time resting spent in this place.
 E = Time spent auto-exploring this place.
 F = Levels seen in this place.
 G = Mean time per level.
                   A        B        C        D        E       F      G
               +--------+--------+--------+--------+--------+-----+--------+
         Total |   1398 |   1388 |     10 |    115 |    987 |   2 |  699.0 |
       Dungeon |   1398 |   1388 |     10 |    115 |    987 |   2 |  699.0 |
               +--------+--------+--------+--------+--------+-----+--------+

Top non-repeatable levels by time:
     D:1: 901 daAuts
     D:2: 497 daAuts
